Predators vs Canucks

Created - March 20, 2024 at 00:52

Goals
1 2 3 T
Predators 0 2 2 4
Canucks 0 1 1 2
Shots
1 2 3 T
Predators 5 10 8 23
Canucks 10 12 11 33

GoalsPenalties
1st period
No Goal
Brayden Point (VAN) for Fighting (Major) at 4:35
Tage Thompson (NSH) for Fighting (Major) at 4:35
Martin Necas (VAN) for Fighting (Major) at 4:35
Brandon Carlo (NSH) for Fighting (Major) at 4:35
J.J. Moser (VAN) for Fighting (Major) at 4:35
J.T. Compher (NSH) for Fighting (Major) at 4:35
J.T. Compher (NSH) for instigated a fight (Game Misconduct) at 4:35
Mathew Barzal (VAN) for Boarding (Minor) at 4:35
Samuel Girard (VAN) for Roughing (Minor) at 4:35
Taylor Hall (NSH) for Roughing (Minor) at 4:35
Roman Josi (NSH) for High sticking (Minor) at 4:35
Brandon Carlo (NSH) for Roughing (Minor) at 11:53
Jacob Trouba (VAN) for Fighting (Major) at 14:58
Darnell Nurse (NSH) for Fighting (Major) at 14:58
Darnell Nurse (NSH) for instigated a fight (Game Misconduct) at 14:58
Kevin Hayes (VAN) for Fighting (Major) at 14:58
Tage Thompson (NSH) for Fighting (Major) at 14:58
Boone Jenner (VAN) for Fighting (Major) at 14:58
Thomas Chabot (NSH) for Fighting (Major) at 14:58
Morgan Rielly (VAN) for Roughing (Minor) at 14:58
Conor Garland (VAN) for Roughing (Minor) at 14:58
Taylor Hall (NSH) for Roughing (Minor) at 14:58
Gabriel Vilardi (NSH) for Roughing (Minor) at 14:58
2nd period
1. Canucks , Martin Necas 14 (Morgan Rielly 24, Mathew Barzal 30) at 7:52
2. Predators , Taylor Hall 14 (Roman Josi 47, Kyle Connor 38) at 14:51
3. Predators , Alex Tuch 32 (Thomas Chabot 47, Lucas Raymond 17) at 17:42
Bo Horvat (NSH) for Hooking (Minor) at 0:17
Nikita Zadorov (NSH) for Slashing (Minor) at 3:59
Bowen Byram (VAN) for Hooking (Minor) at 10:03
3rd period
4. Canucks , Jacob Trouba 6 (Martin Necas 30, Mathew Barzal 31) at 4:16
5. Predators , Yakov Trenin 2 (Colton Sissons 6) at 7:21
6. Predators , Tage Thompson 22 (Bo Horvat 35, Thomas Chabot 48) at 18:48 (Empty Net)
Roman Josi (NSH) for Roughing (Minor) at 0:45
Jacob Trouba (VAN) for Boarding (Minor) at 5:11
J.T. Miller (NSH) for Cross-checking (Minor) at 13:18
Goalie Stats
Ilya Sorokin (NSH), 31 saves from 33 shots - (0.939), W, 42-15-5, 60:00 minutes
Jeremy Swayman (VAN), 19 saves from 22 shots - (0.864), L, 25-21-7, 59:12 minutes
3 StarsOfficial
1 - Alex Tuch (NSH)
2 - Yakov Trenin (NSH)
3 - Ilya Sorokin (NSH)
Referees : Garrett Rank and Kendrick Nicholson
Linesman : Travis Toomey and Matt Brady
Game Note
General Fight at 4:35 of 1st period
Brayden Point and Tage Thompson fight to a draw at 4:35 of 1st period
Martin Necas beats up Brandon Carlo at 4:35 of 1st period
J.T. Compher beats up J.J. Moser at 4:35 of 1st period
J.T. Compher (NSH) for instigated a fight (Game Misconduct) at 4:35
J.T. Compher ejected from game at 4:35 of 1st period
Mitch Marner is injured at 12:55 of 1st period (Strained Right Knee)
General Fight at 14:58 of 1st period
Darnell Nurse beats up Jacob Trouba at 14:58 of 1st period
Darnell Nurse (NSH) for instigated a fight (Game Misconduct) at 14:58
Darnell Nurse ejected from game at 14:58 of 1st period
Kevin Hayes beats up Tage Thompson at 14:58 of 1st period
Thomas Chabot beats up Boone Jenner at 14:58 of 1st period
Tage Thompson has scored in a empty net!
Finance
Level 1 -- Attendance: 6500 (100.00%) -- Ticket Income $780,000
Level 2 -- Attendance: 4514 (90.28%) -- Ticket Income $383,690
Level 3 -- Attendance: 3329 (95.11%) -- Ticket Income $166,450
Level 4 -- Attendance: 2874 (98.76%) -- Ticket Income $100,590
Luxury Box -- Attendance: 929 (92.90%) -- Ticket Income $185,800
Game was played at the Rogers Arena.
Total Attendance: 18146 (95.96%)
Total Ticket Income: $1,616,530
Other Income: $404,132
Total Income: $2,020,662



Team Name Goals Shots Shots Attemp Shots Blocked PIM HIT PP PK FO%
Predators 423451072250 / 2 (0%)049%
Canucks 233641042240 / 7 (0%)051%

Predators
Player Name POS G A P +/- PIM HIT SHT SB MP PP MP PP SHT PK MP PK SHT FO% FOT
Alex TuchRW1011002013:452:3200:0000% 0
Bo HorvatC0111223020:161:2610:00043% 14
Brandon CarloD0000700124:082:0406:0500% 0
Colton SissonsC0111000018:120:0009:30050% 26
Darnell NurseD0000171017:140:0002:1100% 0
Gabriel VilardiRW000-1200012:060:0000:03033% 3
J.T. CompherLW0000170010:480:0000:0000% 0
J.T. MillerC000-1232015:112:3201:35056% 25
Jack McBainC0001020010:410:0001:590100% 1
Jake McCabeD0001031324:432:0409:3200% 0
Kyle ConnorLW0110025023:001:2607:0200% 2
Lucas RaymondLW0111010013:241:2600:0000% 1
Nikita ZadorovD0001240125:170:0007:0500% 0
Roman JosiD0110411220:231:5412:2000% 0
Tage ThompsonC1011101308:380:0000:00060% 15
Taylor HallLW1011423114:332:3200:5400% 0
Thomas ChabotD0222530018:051:5400:3000% 0
Yakov TreninC1011003011:300:0002:4810% 2
Canucks
Player Name POS G A P +/- PIM HIT SHT SB MP PP MP PP SHT PK MP PK SHT FO% FOT
Boone JennerC0000514116:574:4002:39037% 19
Bowen ByramD000-1261124:034:4801:1700% 0
Brayden PointC0000506023:015:1510:00055% 29
Cody GlassC000-2010115:172:1702:39080% 10
Conor GarlandRW0000200113:100:0000:000100% 1
Evan RodriguesC000-200009:310:2700:0000% 1
J.J. MoserD000-1501116:575:0710:3600% 0
Jacob TroubaD1010761318:360:0001:2500% 0
Jason ZuckerLW000-1031020:576:0900:000100% 2
Jordan SpenceD000-1011015:170:0000:0600% 0
Kevin HayesC0000503010:170:0001:190100% 3
Martin NecasC1121512016:535:4211:190100% 2
Mathew BarzalC0221201015:264:1300:000100% 1
Michael EyssimontC000-203208:460:0000:0000% 1
Mitch MarnerC/LW/RW000000104:590:1800:000100% 1
Morgan RiellyD0110213226:065:0732:3100% 0
Ryan Nugent-HopkinsC000-1004021:325:3200:00021% 19
Samuel GirardD000-1212014:070:0002:0100% 0



Play-by-Play

1st period


0:01 of 1st period - Bo Horvat wins face-off versus Brayden Point in neutral zone.
0:46 of 1st period - Shot by Alex Tuch.
0:46 of 1st period - Shot Hit the Post.
1:12 of 1st period - Shot by Ryan Nugent-Hopkins.
1:12 of 1st period - Stopped by Ilya Sorokin with a rebound.
1:15 of 1st period - Icing by Gabriel Vilardi.
1:16 of 1st period - J.T. Miller wins face-off versus Boone Jenner in Predators zone.
1:31 of 1st period - Shot by Kyle Connor.
1:31 of 1st period - Stopped by Jeremy Swayman without a rebound.
1:32 of 1st period - Tage Thompson wins face-off versus Ryan Nugent-Hopkins in Canucks zone.
1:32 of 1st period - J.T. Compher is hit by Bowen Byram and loses puck.
2:04 of 1st period - Shot by Jason Zucker.
2:04 of 1st period - Shot Blocked by J.T. Compher.
2:06 of 1st period - Shot by Jordan Spence.
2:06 of 1st period - Stopped by Ilya Sorokin without a rebound.
2:07 of 1st period - Colton Sissons wins face-off versus Michael Eyssimont in Predators zone.
2:39 of 1st period - Shot by Michael Eyssimont.
2:39 of 1st period - Stopped by Ilya Sorokin with a rebound.
3:19 of 1st period - Morgan Rielly is hit by Jack McBain and loses puck.
3:38 of 1st period - Conor Garland is hit by Thomas Chabot and loses puck.
3:56 of 1st period - Icing by Jordan Spence.
3:57 of 1st period - Brayden Point wins face-off versus J.T. Miller in Canucks zone.
4:03 of 1st period - Icing by Bowen Byram.
4:04 of 1st period - J.T. Miller wins face-off versus Brayden Point in Canucks zone.
4:07 of 1st period - Shot by J.T. Miller.
4:07 of 1st period - Stopped by Jeremy Swayman without a rebound.
4:08 of 1st period - Gabriel Vilardi wins face-off versus Ryan Nugent-Hopkins in Canucks zone.
4:21 of 1st period - Shot by J.T. Miller.
4:21 of 1st period - Stopped by Jeremy Swayman without a rebound.
4:22 of 1st period - Tage Thompson wins face-off versus Brayden Point in Canucks zone.
4:28 of 1st period - Icing by J.J. Moser.
4:29 of 1st period - Brayden Point wins face-off versus Tage Thompson in Canucks zone.
4:33 of 1st period - Samuel Girard is hit by Tage Thompson and loses puck.
4:35 of 1st period - Brayden Point and Tage Thompson fight to a draw.
4:35 of 1st period - Penalty to Brayden Point for Fighting.
4:35 of 1st period - Penalty to Tage Thompson for Fighting.
4:35 of 1st period - Martin Necas beats up Brandon Carlo.
4:35 of 1st period - Penalty to Martin Necas for Fighting.
4:35 of 1st period - Penalty to Brandon Carlo for Fighting.
4:35 of 1st period - J.T. Compher beats up J.J. Moser.
4:35 of 1st period - Penalty to J.J. Moser for Fighting.
4:35 of 1st period - Penalty to J.T. Compher for Fighting.
4:35 of 1st period - Penalty to J.T. Compher for instigated a fight.
4:35 of 1st period - J.T. Compher is ejected from game.
4:35 of 1st period - Minor Penalty to Mathew Barzal for Boarding.
4:35 of 1st period - Minor Penalty to Samuel Girard for Roughing.
4:35 of 1st period - Minor Penalty to Taylor Hall for Roughing.
4:35 of 1st period - Minor Penalty to Roman Josi for High sticking.
4:36 of 1st period - Colton Sissons wins face-off versus Ryan Nugent-Hopkins in neutral zone.
5:01 of 1st period - Shot by Ryan Nugent-Hopkins.
5:01 of 1st period - Shot Misses the Net.
5:03 of 1st period - Shot by Ryan Nugent-Hopkins.
5:03 of 1st period - Deflect By Mitch Marner.
5:03 of 1st period - Shot Misses the Net.
5:05 of 1st period - Shot by Morgan Rielly.
5:05 of 1st period - Shot Blocked by Jake McCabe.
5:07 of 1st period - Shot by Morgan Rielly.
5:07 of 1st period - Shot Misses the Net.
5:09 of 1st period - Shot by Mitch Marner.
5:09 of 1st period - Stopped by Ilya Sorokin with a rebound.
5:21 of 1st period - Shot by Ryan Nugent-Hopkins.
5:21 of 1st period - Stopped by Ilya Sorokin without a rebound.
5:22 of 1st period - Cody Glass wins face-off versus Yakov Trenin in Predators zone.
6:08 of 1st period - Shot by Ryan Nugent-Hopkins.
6:08 of 1st period - Deflect By Boone Jenner.
6:08 of 1st period - Shot Blocked by Darnell Nurse.
6:15 of 1st period - Icing by Morgan Rielly.
6:16 of 1st period - Ryan Nugent-Hopkins wins face-off versus Colton Sissons in Canucks zone.
6:46 of 1st period - Shot by J.T. Miller.
6:46 of 1st period - Deflect By Kyle Connor.
6:46 of 1st period - Stopped by Jeremy Swayman without a rebound.
6:47 of 1st period - Mathew Barzal wins face-off versus Bo Horvat in Canucks zone.
6:47 of 1st period - Mathew Barzal is hit by Bo Horvat.
7:56 of 1st period - Shot by Kevin Hayes.
7:56 of 1st period - Stopped by Ilya Sorokin without a rebound.
7:57 of 1st period - Bo Horvat wins face-off versus Cody Glass in Predators zone.
8:28 of 1st period - Shot by Michael Eyssimont.
8:28 of 1st period - Stopped by Ilya Sorokin without a rebound.
8:29 of 1st period - Mitch Marner wins face-off versus J.T. Miller in Predators zone.
8:57 of 1st period - Shot by Jacob Trouba.
8:57 of 1st period - Shot Misses the Net.
8:59 of 1st period - Shot by Mitch Marner.
8:59 of 1st period - Shot Blocked by Nikita Zadorov.
9:01 of 1st period - Shot by Mathew Barzal.
9:01 of 1st period - Stopped by Ilya Sorokin without a rebound.
9:02 of 1st period - Boone Jenner wins face-off versus Bo Horvat in Predators zone.
9:14 of 1st period - Icing by Bowen Byram.
9:15 of 1st period - Kevin Hayes wins face-off versus Kyle Connor in Canucks zone.
9:15 of 1st period - Kevin Hayes is hit by Kyle Connor.
9:29 of 1st period - Jordan Spence is hit by Taylor Hall and loses puck.
9:35 of 1st period - Bowen Byram is hit by Darnell Nurse and loses puck.
9:40 of 1st period - Shot by Boone Jenner.
9:40 of 1st period - Shot Blocked by Roman Josi.
9:46 of 1st period - Shot by Kevin Hayes.
9:46 of 1st period - Stopped by Ilya Sorokin without a rebound.
9:47 of 1st period - Colton Sissons wins face-off versus Ryan Nugent-Hopkins in Predators zone.
9:52 of 1st period - Jacob Trouba is hit by Jack McBain and loses puck.
10:21 of 1st period - Shot by Ryan Nugent-Hopkins.
10:21 of 1st period - Shot Blocked by Jake McCabe.
10:23 of 1st period - Shot by Jacob Trouba.
10:23 of 1st period - Shot Misses the Net.
10:54 of 1st period - Off-side.
10:55 of 1st period - J.T. Miller wins face-off versus Brayden Point in neutral zone.
11:52 of 1st period - Shot by Boone Jenner.
11:52 of 1st period - Stopped by Ilya Sorokin without a rebound.
11:53 of 1st period - Cody Glass wins face-off versus Bo Horvat in Predators zone.
11:53 of 1st period - Minor Penalty to Brandon Carlo for Roughing.
11:54 of 1st period - Boone Jenner wins face-off versus Colton Sissons in Predators zone.
12:54 of 1st period - Mitch Marner is hit by Jake McCabe.
12:55 of 1st period - Mitch Marner from Canucks is injured at 12:55 of 1st period (Strained Right Knee).
12:56 of 1st period - Colton Sissons wins face-off versus Brayden Point in Predators zone.
13:11 of 1st period - Icing by Brayden Point.
13:12 of 1st period - Jason Zucker wins face-off versus Colton Sissons in Canucks zone.
13:26 of 1st period - Icing by Bowen Byram.
13:27 of 1st period - Brayden Point wins face-off versus Colton Sissons in Canucks zone.
14:08 of 1st period - Shot by Bo Horvat.
14:08 of 1st period - Shot Misses the Net.
14:26 of 1st period - Alex Tuch is hit by Jacob Trouba and loses puck.
14:54 of 1st period - Tage Thompson is hit by Jacob Trouba and loses puck.
14:58 of 1st period - Darnell Nurse beats up Jacob Trouba.
14:58 of 1st period - Penalty to Jacob Trouba for Fighting.
14:58 of 1st period - Penalty to Darnell Nurse for Fighting.
14:58 of 1st period - Penalty to Darnell Nurse for instigated a fight.
14:58 of 1st period - Darnell Nurse is ejected from game.
14:58 of 1st period - Kevin Hayes beats up Tage Thompson.
14:58 of 1st period - Penalty to Kevin Hayes for Fighting.
14:58 of 1st period - Penalty to Tage Thompson for Fighting.
14:58 of 1st period - Thomas Chabot beats up Boone Jenner.
14:58 of 1st period - Penalty to Boone Jenner for Fighting.
14:58 of 1st period - Penalty to Thomas Chabot for Fighting.
14:58 of 1st period - Minor Penalty to Morgan Rielly for Roughing.
14:58 of 1st period - Minor Penalty to Conor Garland for Roughing.
14:58 of 1st period - Minor Penalty to Taylor Hall for Roughing.
14:58 of 1st period - Minor Penalty to Gabriel Vilardi for Roughing.
14:59 of 1st period - Colton Sissons wins face-off versus Brayden Point in Canucks zone.
16:52 of 1st period - Icing by Evan Rodrigues.
16:53 of 1st period - Brayden Point wins face-off versus Yakov Trenin in Canucks zone.
17:07 of 1st period - Alex Tuch is hit by Morgan Rielly and loses puck.
17:13 of 1st period - Bo Horvat is hit by Bowen Byram and loses puck.
17:25 of 1st period - Icing by Morgan Rielly.
17:26 of 1st period - J.T. Miller wins face-off versus Ryan Nugent-Hopkins in Canucks zone.
17:33 of 1st period - Shot by Kyle Connor.
17:33 of 1st period - Shot Misses the Net.
17:38 of 1st period - Off-side.
17:39 of 1st period - Bo Horvat wins face-off versus Brayden Point in neutral zone.
17:48 of 1st period - Shot by Kyle Connor.
17:48 of 1st period - Stopped by Jeremy Swayman without a rebound.
17:49 of 1st period - Martin Necas wins face-off versus Bo Horvat in Canucks zone.
17:49 of 1st period - Mathew Barzal is hit by Bo Horvat and loses puck.
18:47 of 1st period - Off-side.
18:48 of 1st period - Jack McBain wins face-off versus Ryan Nugent-Hopkins in neutral zone.
19:42 of 1st period - Roman Josi is hit by Cody Glass and loses puck.
19:46 of 1st period - Off-side.
19:47 of 1st period - Cody Glass wins face-off versus J.T. Miller in neutral zone.
19:49 of 1st period - Bowen Byram is hit by Nikita Zadorov and loses puck.
19:59 of 1st period - Off-side.
Goals for this period are 0 for Predators vs 0 for Canucks.
Shots for this period are 5 for Predators vs 10 for Canucks.

2nd period


0:01 of 2nd period - Bo Horvat wins face-off versus Ryan Nugent-Hopkins in neutral zone.
0:17 of 2nd period - Minor Penalty to Bo Horvat for Hooking.
0:18 of 2nd period - Brayden Point wins face-off versus Colton Sissons in Predators zone.
0:44 of 2nd period - Ryan Nugent-Hopkins is hit by Nikita Zadorov and loses puck.
0:59 of 2nd period - Shot by Ryan Nugent-Hopkins.
0:59 of 2nd period - Shot Blocked by Jake McCabe.
1:01 of 2nd period - Shot by Morgan Rielly.
1:01 of 2nd period - Stopped by Ilya Sorokin without a rebound.
1:02 of 2nd period - Colton Sissons wins face-off versus Boone Jenner in Predators zone.
1:20 of 2nd period - Shot by Ryan Nugent-Hopkins.
1:20 of 2nd period - Shot Hit the Post.
1:38 of 2nd period - Shot by Bowen Byram.
1:38 of 2nd period - Shot Misses the Net.
1:57 of 2nd period - Shot by J.J. Moser.
1:57 of 2nd period - Stopped by Ilya Sorokin without a rebound.
1:58 of 2nd period - J.T. Miller wins face-off versus Brayden Point in Predators zone.
2:41 of 2nd period - Shot by Conor Garland.
2:41 of 2nd period - Shot Misses the Net.
2:43 of 2nd period - Shot by Boone Jenner.
2:43 of 2nd period - Stopped by Ilya Sorokin without a rebound.
2:44 of 2nd period - Tage Thompson wins face-off versus Cody Glass in Predators zone.
2:44 of 2nd period - Tage Thompson is hit by Michael Eyssimont.
3:05 of 2nd period - Shot by Taylor Hall.
3:05 of 2nd period - Stopped by Jeremy Swayman without a rebound.
3:06 of 2nd period - Brayden Point wins face-off versus J.T. Miller in Canucks zone.
3:19 of 2nd period - Shot by J.T. Miller.
3:19 of 2nd period - Deflect By Kyle Connor.
3:19 of 2nd period - Stopped by Jeremy Swayman without a rebound.
3:20 of 2nd period - Tage Thompson wins face-off versus Ryan Nugent-Hopkins in Canucks zone.
3:42 of 2nd period - Brayden Point is hit by Nikita Zadorov and loses puck.
3:46 of 2nd period - Ryan Nugent-Hopkins is hit by Jake McCabe and loses puck.
3:58 of 2nd period - Jason Zucker is hit by Jake McCabe and loses puck.
3:59 of 2nd period - Minor Penalty to Nikita Zadorov for Slashing.
4:00 of 2nd period - Brayden Point wins face-off versus Colton Sissons in Predators zone.
4:58 of 2nd period - Shot by Mathew Barzal.
4:58 of 2nd period - Shot Misses the Net.
5:33 of 2nd period - Icing by Morgan Rielly.
5:34 of 2nd period - J.T. Miller wins face-off versus Boone Jenner in Canucks zone.
5:51 of 2nd period - Shot by Yakov Trenin.
5:51 of 2nd period - Stopped by Jeremy Swayman without a rebound.
5:52 of 2nd period - Brayden Point wins face-off versus J.T. Miller in Canucks zone.
6:21 of 2nd period - Cody Glass is hit by Nikita Zadorov and loses puck.
6:46 of 2nd period - Shot by Brayden Point.
6:46 of 2nd period - Shot Misses the Net.
6:48 of 2nd period - Shot by Ryan Nugent-Hopkins.
6:48 of 2nd period - Shot Misses the Net.
7:07 of 2nd period - Brayden Point is hit by Thomas Chabot.
7:11 of 2nd period - Shot by Ryan Nugent-Hopkins.
7:11 of 2nd period - Shot Misses the Net.
7:13 of 2nd period - Shot by Samuel Girard.
7:13 of 2nd period - Stopped by Ilya Sorokin without a rebound.
7:14 of 2nd period - J.T. Miller wins face-off versus Boone Jenner in Predators zone.
7:30 of 2nd period - Icing by Jordan Spence.
7:31 of 2nd period - Boone Jenner wins face-off versus Tage Thompson in Canucks zone.
7:35 of 2nd period - Off-side.
7:36 of 2nd period - Brayden Point wins face-off versus Gabriel Vilardi in neutral zone.
7:52 of 2nd period - Shot by Martin Necas.
7:52 of 2nd period - Goal by Martin Necas - Predators : 0 - Canucks : 1.
7:53 of 2nd period - Brayden Point wins face-off versus Tage Thompson in neutral zone.
8:06 of 2nd period - Shot by Tage Thompson.
8:06 of 2nd period - Stopped by Jeremy Swayman with a rebound.
8:12 of 2nd period - Shot by Brayden Point.
8:12 of 2nd period - Stopped by Ilya Sorokin without a rebound.
8:13 of 2nd period - J.T. Miller wins face-off versus Boone Jenner in Predators zone.
8:13 of 2nd period - J.T. Miller is hit by Boone Jenner.
8:22 of 2nd period - Kyle Connor is hit by Jacob Trouba.
9:16 of 2nd period - Shot by Brayden Point.
9:16 of 2nd period - Shot Misses the Net.
9:18 of 2nd period - Shot by Bowen Byram.
9:18 of 2nd period - Shot Misses the Net.
9:20 of 2nd period - Shot by Brayden Point.
9:20 of 2nd period - Stopped by Ilya Sorokin without a rebound.
9:21 of 2nd period - Tage Thompson wins face-off versus Ryan Nugent-Hopkins in Predators zone.
9:32 of 2nd period - Shot by Brayden Point.
9:32 of 2nd period - Stopped by Ilya Sorokin without a rebound.
9:33 of 2nd period - Ryan Nugent-Hopkins wins face-off versus Bo Horvat in Predators zone.
9:40 of 2nd period - Shot by Brayden Point.
9:40 of 2nd period - Shot Blocked by Brandon Carlo.
9:54 of 2nd period - Shot by Bo Horvat.
9:54 of 2nd period - Shot Misses the Net.
10:03 of 2nd period - Minor Penalty to Bowen Byram for Hooking.
10:04 of 2nd period - Boone Jenner wins face-off versus J.T. Miller in Canucks zone.
10:15 of 2nd period - Shot by J.T. Miller.
10:15 of 2nd period - Shot Misses the Net.
10:17 of 2nd period - Shot by Roman Josi.
10:17 of 2nd period - Shot Blocked by Boone Jenner.
11:16 of 2nd period - Shot by Bo Horvat.
11:16 of 2nd period - Shot Misses the Net.
11:18 of 2nd period - Shot by Kyle Connor.
11:18 of 2nd period - Shot Misses the Net.
11:20 of 2nd period - Shot by Brandon Carlo.
11:20 of 2nd period - Shot Misses the Net.
11:22 of 2nd period - Shot by Jake McCabe.
11:22 of 2nd period - Shot Blocked by Morgan Rielly.
11:24 of 2nd period - Shot by Bo Horvat.
11:24 of 2nd period - Stopped by Jeremy Swayman without a rebound.
11:25 of 2nd period - Kevin Hayes wins face-off versus J.T. Miller in Canucks zone.
13:09 of 2nd period - Shot by Tage Thompson.
13:09 of 2nd period - Stopped by Jeremy Swayman without a rebound.
13:10 of 2nd period - Cody Glass wins face-off versus J.T. Miller in Canucks zone.
13:35 of 2nd period - Michael Eyssimont is hit by J.T. Miller and loses puck.
14:51 of 2nd period - Shot by Taylor Hall.
14:51 of 2nd period - Goal by Taylor Hall - Predators : 1 - Canucks : 1.
14:52 of 2nd period - Brayden Point wins face-off versus Colton Sissons in neutral zone.
15:13 of 2nd period - Shot by Brayden Point.
15:13 of 2nd period - Stopped by Ilya Sorokin without a rebound.
15:14 of 2nd period - Tage Thompson wins face-off versus Ryan Nugent-Hopkins in Predators zone.
15:19 of 2nd period - Shot by Bo Horvat.
15:19 of 2nd period - Stopped by Jeremy Swayman with a rebound.
16:31 of 2nd period - Shot by Boone Jenner.
16:31 of 2nd period - Stopped by Ilya Sorokin with a rebound.
16:33 of 2nd period - Shot by Boone Jenner.
16:33 of 2nd period - Shot Blocked by Roman Josi.
16:35 of 2nd period - Shot by Kevin Hayes.
16:35 of 2nd period - Stopped by Ilya Sorokin without a rebound.
16:36 of 2nd period - Colton Sissons wins face-off versus Brayden Point in Predators zone.
16:51 of 2nd period - Shot by Yakov Trenin.
16:51 of 2nd period - Stopped by Jeremy Swayman without a rebound.
16:52 of 2nd period - Ryan Nugent-Hopkins wins face-off versus J.T. Miller in Canucks zone.
16:52 of 2nd period - Ryan Nugent-Hopkins is hit by J.T. Miller.
17:04 of 2nd period - Shot by Jason Zucker.
17:04 of 2nd period - Shot Misses the Net.
17:06 of 2nd period - Shot by Bowen Byram.
17:06 of 2nd period - Deflect By Ryan Nugent-Hopkins.
17:06 of 2nd period - Stopped by Ilya Sorokin without a rebound.
17:07 of 2nd period - Cody Glass wins face-off versus Bo Horvat in Predators zone.
17:15 of 2nd period - Evan Rodrigues is hit by Thomas Chabot.
17:29 of 2nd period - Morgan Rielly is hit by Lucas Raymond and loses puck.
17:36 of 2nd period - Shot by Lucas Raymond.
17:36 of 2nd period - Shot Misses the Net.
17:42 of 2nd period - Shot by Alex Tuch.
17:42 of 2nd period - Goal by Alex Tuch - Predators : 2 - Canucks : 1.
17:43 of 2nd period - Brayden Point wins face-off versus Kyle Connor in neutral zone.
18:05 of 2nd period - Kyle Connor is hit by Bowen Byram and loses puck.
18:27 of 2nd period - Roman Josi is hit by Martin Necas and loses puck.
18:33 of 2nd period - Off-side.
18:34 of 2nd period - Ryan Nugent-Hopkins wins face-off versus Bo Horvat in neutral zone.
Goals for this period are 2 for Predators vs 1 for Canucks.
Shots for this period are 10 for Predators vs 12 for Canucks.

3rd period


0:01 of 3rd period - Brayden Point wins face-off versus Gabriel Vilardi in neutral zone.
0:33 of 3rd period - Icing by Brandon Carlo.
0:34 of 3rd period - J.T. Miller wins face-off versus Ryan Nugent-Hopkins in Predators zone.
0:34 of 3rd period - J.T. Miller is hit by Jason Zucker.
0:39 of 3rd period - Kyle Connor is hit by Jordan Spence and loses puck.
0:45 of 3rd period - Minor Penalty to Roman Josi for Roughing.
0:46 of 3rd period - Colton Sissons wins face-off versus Boone Jenner in Predators zone.
1:16 of 3rd period - Off-side.
1:17 of 3rd period - Colton Sissons wins face-off versus Brayden Point in neutral zone.
1:42 of 3rd period - Shot by Morgan Rielly.
1:42 of 3rd period - Shot Misses the Net.
1:44 of 3rd period - Shot by Morgan Rielly.
1:44 of 3rd period - Stopped by Ilya Sorokin without a rebound.
1:45 of 3rd period - Brayden Point wins face-off versus Colton Sissons in Predators zone.
2:04 of 3rd period - Shot by Martin Necas.
2:04 of 3rd period - Stopped by Ilya Sorokin without a rebound.
2:05 of 3rd period - Martin Necas wins face-off versus J.T. Miller in Predators zone.
2:18 of 3rd period - Shot by Morgan Rielly.
2:18 of 3rd period - Stopped by Ilya Sorokin with a rebound.
2:20 of 3rd period - Shot by Morgan Rielly.
2:20 of 3rd period - Shot Misses the Net.
2:24 of 3rd period - Shot by Brayden Point.
2:24 of 3rd period - Stopped by Ilya Sorokin without a rebound.
2:25 of 3rd period - Colton Sissons wins face-off versus Boone Jenner in Predators zone.
3:07 of 3rd period - Shot by Alex Tuch.
3:07 of 3rd period - Stopped by Jeremy Swayman without a rebound.
3:08 of 3rd period - Tage Thompson wins face-off versus Boone Jenner in Canucks zone.
3:08 of 3rd period - Tage Thompson is hit by Bowen Byram.
3:13 of 3rd period - Icing by Jordan Spence.
3:14 of 3rd period - Boone Jenner wins face-off versus Tage Thompson in Canucks zone.
3:14 of 3rd period - Boone Jenner is hit by Taylor Hall.
3:32 of 3rd period - Shot by Boone Jenner.
3:32 of 3rd period - Shot Misses the Net.
3:51 of 3rd period - Tage Thompson is hit by Bowen Byram and loses puck.
4:14 of 3rd period - Shot by Martin Necas.
4:14 of 3rd period - Shot Blocked by Taylor Hall.
4:16 of 3rd period - Shot by Jacob Trouba.
4:16 of 3rd period - Goal by Jacob Trouba - Predators : 2 - Canucks : 2.
4:17 of 3rd period - J.T. Miller wins face-off versus Ryan Nugent-Hopkins in neutral zone.
4:44 of 3rd period - Shot by Brayden Point.
4:44 of 3rd period - Stopped by Ilya Sorokin without a rebound.
4:45 of 3rd period - Cody Glass wins face-off versus Colton Sissons in Predators zone.
4:54 of 3rd period - Yakov Trenin is hit by Michael Eyssimont and loses puck.
5:10 of 3rd period - Yakov Trenin is hit by Jacob Trouba and loses puck.
5:11 of 3rd period - Minor Penalty to Jacob Trouba for Boarding.
5:12 of 3rd period - J.T. Miller wins face-off versus Boone Jenner in Canucks zone.
5:13 of 3rd period - Shot by Roman Josi.
5:13 of 3rd period - Stopped by Jeremy Swayman without a rebound.
5:14 of 3rd period - J.T. Miller wins face-off versus Boone Jenner in Canucks zone.
6:21 of 3rd period - Morgan Rielly is hit by Kyle Connor and loses puck.
6:49 of 3rd period - Off-side.
6:50 of 3rd period - Kevin Hayes wins face-off versus J.T. Miller in neutral zone.
7:18 of 3rd period - Shot by Jake McCabe.
7:18 of 3rd period - Stopped by Jeremy Swayman without a rebound.
7:19 of 3rd period - Colton Sissons wins face-off versus Ryan Nugent-Hopkins in Canucks zone.
7:19 of 3rd period - Colton Sissons is hit by Bowen Byram.
7:21 of 3rd period - Shot by Yakov Trenin.
7:21 of 3rd period - Goal by Yakov Trenin - Predators : 3 - Canucks : 2.
7:22 of 3rd period - Brayden Point wins face-off versus Colton Sissons in neutral zone.
7:53 of 3rd period - Icing by Mathew Barzal.
7:54 of 3rd period - Bo Horvat wins face-off versus Brayden Point in Canucks zone.
8:08 of 3rd period - Shot by Lucas Raymond.
8:08 of 3rd period - Shot Blocked by Jacob Trouba.
8:10 of 3rd period - Shot by Bo Horvat.
8:10 of 3rd period - Shot Misses the Net.
8:18 of 3rd period - Shot by Bo Horvat.
8:18 of 3rd period - Shot Blocked by Morgan Rielly.
8:20 of 3rd period - Shot by Jake McCabe.
8:20 of 3rd period - Shot Misses the Net.
8:22 of 3rd period - Shot by Bo Horvat.
8:22 of 3rd period - Shot Blocked by Jacob Trouba.
8:24 of 3rd period - Shot by Nikita Zadorov.
8:24 of 3rd period - Shot Blocked by Jacob Trouba.
8:33 of 3rd period - Alex Tuch is hit by Jacob Trouba and loses puck.
9:11 of 3rd period - Shot by Kyle Connor.
9:11 of 3rd period - Stopped by Jeremy Swayman without a rebound.
9:12 of 3rd period - Cody Glass wins face-off versus Tage Thompson in Canucks zone.
9:17 of 3rd period - Brandon Carlo is hit by Michael Eyssimont and loses puck.
9:41 of 3rd period - Icing by J.J. Moser.
9:42 of 3rd period - Bo Horvat wins face-off versus Evan Rodrigues in Canucks zone.
9:47 of 3rd period - Shot by Bo Horvat.
9:47 of 3rd period - Shot Misses the Net.
9:57 of 3rd period - Shot by Samuel Girard.
9:57 of 3rd period - Stopped by Ilya Sorokin without a rebound.
9:58 of 3rd period - Jason Zucker wins face-off versus Colton Sissons in Predators zone.
10:09 of 3rd period - Shot by Ryan Nugent-Hopkins.
10:09 of 3rd period - Shot Misses the Net.
10:23 of 3rd period - Shot by Jason Zucker.
10:23 of 3rd period - Stopped by Ilya Sorokin without a rebound.
10:24 of 3rd period - J.T. Miller wins face-off versus Brayden Point in Predators zone.
10:41 of 3rd period - Shot by Kyle Connor.
10:41 of 3rd period - Deflect By J.T. Miller.
10:41 of 3rd period - Shot Blocked by J.J. Moser.
10:51 of 3rd period - Shot by Samuel Girard.
10:51 of 3rd period - Shot Misses the Net.
11:43 of 3rd period - Shot by Ryan Nugent-Hopkins.
11:43 of 3rd period - Stopped by Ilya Sorokin without a rebound.
11:44 of 3rd period - Cody Glass wins face-off versus Bo Horvat in Predators zone.
11:54 of 3rd period - Off-side.
11:55 of 3rd period - Tage Thompson wins face-off versus Boone Jenner in neutral zone.
12:15 of 3rd period - Shot by Taylor Hall.
12:15 of 3rd period - Shot Blocked by Conor Garland.
12:34 of 3rd period - Shot by Bo Horvat.
12:34 of 3rd period - Stopped by Jeremy Swayman with a rebound.
12:36 of 3rd period - Shot by Taylor Hall.
12:36 of 3rd period - Stopped by Jeremy Swayman without a rebound.
12:37 of 3rd period - Colton Sissons wins face-off versus Brayden Point in Canucks zone.
12:42 of 3rd period - Shot by Jack McBain.
12:42 of 3rd period - Deflect By Yakov Trenin.
12:42 of 3rd period - Shot Blocked by Bowen Byram.
13:10 of 3rd period - Off-side.
13:11 of 3rd period - J.T. Miller wins face-off versus Ryan Nugent-Hopkins in neutral zone.
13:18 of 3rd period - Minor Penalty to J.T. Miller for Cross-checking.
13:19 of 3rd period - Boone Jenner wins face-off versus Colton Sissons in Predators zone.
13:49 of 3rd period - Icing by Morgan Rielly.
13:50 of 3rd period - Colton Sissons wins face-off versus Boone Jenner in Canucks zone.
14:05 of 3rd period - Icing by J.J. Moser.
14:06 of 3rd period - Boone Jenner wins face-off versus Colton Sissons in Canucks zone.
14:14 of 3rd period - Kyle Connor is hit by Jason Zucker and loses puck.
15:03 of 3rd period - Brayden Point is hit by Roman Josi and loses puck.
16:38 of 3rd period - Taylor Hall is hit by Samuel Girard and loses puck.
17:09 of 3rd period - Shot by Yakov Trenin.
17:09 of 3rd period - Shot Blocked by Cody Glass.
17:53 of 3rd period - Ryan Nugent-Hopkins is hit by J.T. Miller and loses puck.
18:00 of 3rd period - Canucks, Jeremy Swayman is pulled from the net.
18:23 of 3rd period - Shot by Kevin Hayes.
18:23 of 3rd period - Shot Misses the Net.
18:34 of 3rd period - Shot by Boone Jenner.
18:34 of 3rd period - Stopped by Ilya Sorokin without a rebound.
18:35 of 3rd period - Brayden Point wins face-off versus Tage Thompson in Predators zone.
18:48 of 3rd period - Shot by Bo Horvat.
18:48 of 3rd period - Deflect By Tage Thompson.
18:48 of 3rd period - Goal by Tage Thompson - Predators : 4 - Canucks : 2.
18:48 of 3rd period - Jeremy Swayman from Canucks was sent back in the game.
18:49 of 3rd period - Conor Garland wins face-off versus Lucas Raymond in neutral zone.
19:02 of 3rd period - Shot by Bowen Byram.
19:02 of 3rd period - Stopped by Ilya Sorokin without a rebound.
19:03 of 3rd period - Tage Thompson wins face-off versus Ryan Nugent-Hopkins in Predators zone.
19:03 of 3rd period - Bo Horvat is hit by Jason Zucker.
19:55 of 3rd period - Jack McBain is hit by Jacob Trouba and loses puck.
Goals for this period are 2 for Predators vs 1 for Canucks.
Shots for this period are 8 for Predators vs 11 for Canucks.